 Dungeon Sprint DCSS version 0.30-a0-965-g42e074c17a (webtiles) character file.

Game seed: 6454292342269463704

42 sircluck the Cudgeller (level 3, -2/37 HPs)
             Began as a Minotaur Berserker on Mar 30, 2023.
             Was a Priest of Trog.
             Slain by a white imp (3 damage)
             ... in the Dungeon (Sprint IX: "|||||||||||||||||||||||||||||").
             The game lasted 00:00:08 (30 turns).

sircluck the Cudgeller (Minotaur Berserker)           Turns: 30, Time: 00:00:10

Health: -2/37      AC:  2    Str: 23    XL:     3   Next: 33%
Magic:  2/2        EV: 12    Int:  4    God:    Trog [***...]
Gold:   0          SH:  0    Dex:  9    Spells: 2/2 levels left

rFire   . . .      SeeInvis .    a - +0 mace
rCold   . . .      Faith    .    (no shield)
rNeg    . . .      Spirit   .    b - +0 animal skin
rPois   .          Reflect  .    (helmet restricted)
rElec   .          Rampage  .    (no cloak)
rCorr   .          NoTele   +    (no gloves)
Will    .....                    (no boots)
Stlth   +                        (no amulet)
HPRegen 0.26/turn                (no ring)
MPRegen 0.08/turn                (no ring)

@: no status effects
A: horns 2, retaliatory headbutt
a: Renounce Religion, Berserk, Trog's Hand


You were in the Dungeon.
You worshipped Trog.
Trog was most pleased with you.
You visited 1 branch

Inventory:

Hand Weapons
 a - a +0 mace (weapon)
Armour
 b - a +0 animal skin (worn)
Scrolls
 h - a scroll of blinking
Potions
 c - a potion of curing
 d - a potion of heal wounds
 e - a potion of haste
 f - 2 potions of magic
 g - a potion of berserk rage


   Skills:
 + Level 6.1 Fighting
 + Level 6.3 Maces & Flails
 + Level 3.3 Armour
 + Level 3.3 Dodging


You had 2 spell levels left.
You didn't know any spells.
Your spell library was empty.

Dungeon Overview and Level Annotations

Branches:
Dungeon (1/1)

Altars:


Innate Abilities, Weirdness & Mutations

You have a pair of horns on your head.
You reflexively headbutt those who attack you in melee.


Message History

You furiously retaliate!
You headbutt the iguana! You closely miss the iguana.
The iguana is almost dead.
The iguana bites you!
You completely miss the iguana. Your headbutt misses the iguana.
The iguana is almost dead.
The iguana bites you.
You sock the iguana!
You kill the iguana!
Trog accepts your kill.
Your Fighting skill increases to level 6!
Your Maces & Flails skill increases to level 6!
Your Dodging skill increases to level 3!
You have reached level 3!
Your experience leads to an increase in your attributes!
Increase (S)trength, (I)ntelligence, or (D)exterity?
You feel stronger. x2
You hit the white imp. Your headbutt misses the white imp.
The white imp is lightly wounded.
The white imp hits you. The white imp freezes you.
* * * LOW HITPOINT WARNING * * *
You closely miss the white imp.
The white imp is lightly wounded.
The white imp misses you.
You hit the white imp but do no damage.
The white imp is lightly wounded.
The white imp gestures at you. The puff of frost misses you.
You hit the white imp.
The white imp is moderately wounded.
The white imp gestures at you. The puff of frost hits you!
* * * LOW HITPOINT WARNING * * *
You hit the white imp but do no damage.
You headbutt the white imp, but do no damage.
The white imp is moderately wounded.
The white imp hits you.
* * * LOW HITPOINT WARNING * * *
The white imp freezes you.
You die...

▓+▓
▓.▓
▓.▓
▓.▓
▓w▓
▓l▓
▓5▓
▓@▓
▓.▓
▓.▓
▓†▓
▓†▓
▓'▓
▓.▓
▓.▓
▓.▓


You could see a worm, an iguana and a white imp.

Vanquished Creatures
  An iguana (D)
  An adder (D)
  A bat (D)
  2 endoplasms (D)
  A hobgoblin (D)
  A quokka (D)
7 creatures vanquished.

Notes
Turn   | Place    | Note
-------+----------+-------------------------------------------
     0 | D        | sircluck the Minotaur Berserker began the quest for the
                  | Orb.
     0 | D        | Reached XP level 1. HP: 19/19 MP: 0/0
     8 | D        | Reached ** piety under Trog
    19 | D        | Noticed an iguana
    19 | D        | Noticed an iguana
    22 | D        | Reached skill level 5 in Fighting
    22 | D        | Reached skill level 5 in Maces & Flails
    22 | D        | Reached XP level 2. HP: 22/29 MP: 1/1
    25 | D        | Reached *** piety under Trog
    26 | D        | Reached XP level 3. HP: 15/37 MP: 2/2
    30 | D        | HP: 1/37 [white imp (4)]
    30 | D        | Slain by a white imp

Illustrated notes

Levels and vault maps discovered:
D:        linesprint [early_d, line_temple, items_1, d_10, items_2, lair_1,
          lair_end, items_3, orc_1, orc_end, items_4, d_15, swamp_1, shoals_1,
          snake_1, spider_1, d_20, vaults_1, items_5, swamp_end, shoals_end,
          snake_end, spider_end, vaults_end, d_27, items_6, zot_1, zot_end,
          crypt_end, forest_end, elf_end, slime_end, tomb_end, abyss_end,
          pan_hell_end]

Skill      XL: |  1  2 |
---------------+-------+-----
Fighting       | 5 6 |  6.1
Maces & Flails | 5 6 |  6.3
Armour         | 3 |  3.3
Dodging        | 3 |  3.3

Action                     || total
---------------------------++-------
  Melee: Mace              ||    20
         Headbutt          ||     4
 Armour: Animal skin       ||     3
  Dodge: Dodged            ||    10

Table legend: (Time is in decaauts)
 A = Elapsed time spent in this place.
 B = Non-inter-level travel time spent in this place.
 C = Inter-level travel time spent in this place.
 D = Time resting spent in this place.
 E = Time spent auto-exploring this place.
 F = Levels seen in this place.
 G = Mean time per level.
                   A        B        C        D        E       F      G
               +--------+--------+--------+--------+--------+-----+--------+
         Total |     32 |     32 |      0 |      0 |      0 |   1 |   32.0 |
       Dungeon |     32 |     32 |      0 |      0 |      0 |   1 |   32.0 |
               +--------+--------+--------+--------+--------+-----+--------+

Top non-repeatable levels by time:
       D: 32 daAuts
